 Dungeon Crawl Stone Soup version 0.27.1-34-g3ba077fa99 (webtiles) character file.

Game seed: 10102885337099356396

8771 chibimon the Destroyer (level 11, -1/92 HPs)
             Began as a Green Draconian Conjurer on Jan 2, 2022.
             Was a Believer of Sif Muna.
             Slain by a freezing wraith (6 damage)
             ... in an ice cave.
             The game lasted 01:21:35 (11047 turns).

chibimon the Destroyer (Green Draconian Conjurer)  Turns: 11047, Time: 01:21:36

Health: -1/92      AC: 10    Str: 18    XL:     11   Next: 14%
Magic:  0/31       EV: 11    Int: 29    God:    Sif Muna [**....]
Gold:   476        SH: 10    Dex:  9    Spells: 10/24 levels left

rFire    . . .     SeeInvis +   I - +7 hand axe of Courage {vamp, rC+ MP+9 Str+3}
rCold    + . .     Faith    .   s - +1 kite shield
rNeg     . . .     Spirit   +   (armour unavailable)
rPois    +         Reflect  .   C - +2 hat {SInv}
rElec    .         Harm     .   (no cloak)
rCorr    .         Rampage  .   (no gloves)
Will     +....                  y - +0 pair of boots
Stlth    ++........             z - amulet of guardian spirit
HPRegen  0.25/turn              c - +6 ring of intelligence
MPRegen  0.22/turn              f - +6 ring of strength

@: slowed, very slow
A: breathe noxious fumes, AC +7, unfitting armour, poison resistance,
cold-blooded, strong-willed 1
a: Breathe Noxious Fumes, Renounce Religion, Channel Magic


You were in an ice cave.
You worshipped Sif Muna.
Sif Muna was pleased with you.
You visited 3 branches of the dungeon, and saw 11 of its levels.
You also visited: Sewer and Ice Cave.

You collected 497 gold pieces.
You spent 21 gold pieces at shops.

Inventory:

Hand Weapons
 a - a +0 vampiric whip
 g - a +1 long sword of protection
 t - a +5 dagger of electrocution
 B - a +3 whip of freezing
 I - the +7 hand axe of Courage (weapon) {vamp, rC+ MP+9 Str+3}
   (You found it on level 1 of the Lair of Beasts)

   It occasionally heals its wielder for a portion of the damage dealt when it
   wounds a living foe.
   Str:       It affects your strength (+3).
   rC:        It protects you from cold.
   MP:        It affects your magic capacity (+9).
Missiles
 b - 78 poisoned darts
 m - a throwing net
Armour
 s - a +1 kite shield (worn)
 y - a +0 pair of boots (worn)
 C - a +2 hat of see invisible (worn)
Magical Staves
 i - a staff of earth
 o - a staff of death
 F - a staff of air
Jewellery
 c - a +6 ring of intelligence (left hand)
 f - a +6 ring of strength (right hand)
 j - a ring of willpower
 p - a +6 ring of dexterity
 z - an amulet of guardian spirit (around neck)
 H - a +6 ring of intelligence
Wands
 A - a wand of acid (9)
 G - a wand of digging (4)
Scrolls
 d - 2 scrolls of fog
 h - a scroll of torment
 l - a scroll of noise
 n - a scroll of amnesia
 q - a scroll of magic mapping
 r - 5 scrolls of identify
 u - 2 scrolls of teleportation
 w - a scroll of vulnerability
Potions
 e - a potion of attraction
 k - 2 potions of might
 v - 2 potions of haste
 x - a potion of lignification {unknown}
 D - 2 potions of heal wounds
 E - 8 potions of curing


   Skills:
 * Level 7.1 Fighting
 + Level 1.3(1.5) Short Blades
 - Level 0.9(1.3) Long Blades
 - Level 3.1(3.2) Maces & Flails
 - Level 1.0(2.2) Staves
 * Level 6.4 Dodging
 - Level 2.0 Stealth
 + Level 4.1 Shields
 * Level 7.4 Spellcasting
 + Level 8.6 Conjurations
 + Level 2.5 Hexes
 + Level 3.3 Summonings
 + Level 2.1 Translocations
 + Level 2.7 Ice Magic
 + Level 3.1 Invocations
 + Level 2.8 Evocations


You had 10 spell levels left.
You knew the following spells:

 Your Spells              Type           Power      Damage    Failure   Level
a - Fulminant Prism       Conj/Hex       21%        3d13      21%         4
b - Searing Ray           Conj           100%       3d7       1%          2
c - Summon Ice Beast      Ice/Summ       28%        N/A       50%         4
d - Iskenderun's Mystic   Conj/Tloc      42%        2d10      22%         4

Your spell library contained the following spells:

 Spells                   Type           Power      Damage    Failure   Level
 Magic Dart               Conj           100%       1d8       1%          1
 Foxfire                  Conj/Fire      100%       2x1d9     3%          1
 Dazzling Flash           Conj/Hex       86%        N/A       6%          3
 Corona                   Hex            27%        N/A       7%          1
 Ensorcelled Hibernation  Hex/Ice        52%        N/A       10%         2
 Slow                     Hex            25%        N/A       11%         2
 Conjure Flame            Conj/Fire      35%        6-21      11%         3
 Animate Skeleton         Necr           20%        N/A       21%         1
 Pain                     Necr           40%        1d6       21%         1
 Confusing Touch          Hex            25%        N/A       21%         3
 Tukima's Dance           Hex            25%        N/A       21%         3
 Inner Flame              Hex/Fire       18%        N/A       34%         3
 Vampiric Draining        Necr           5%         2d6       52%         3
 Summon Mana Viper        Hex/Summ       27%        N/A       86%         5
 Monstrous Menagerie      Summ           15%        N/A       100%        7


Dungeon Overview and Level Annotations

Branches:
Dungeon (9/15)             Temple (1/1) D:5            Lair (1/6) D:9
  Sewer (visited)           IceCv (1/1)
    Orc: D:9-12

Altars:
Ashenzari
Cheibriados
Dithmenos
Elyvilon
Fedhas
Gozag
Hepliaklqana
Kikubaaqudgha
Makhleb
Nemelex Xobeh
Okawaru
Qazlal
Ru
Sif Muna
Trog
Uskayaw
Vehumet
Wu Jian
Xom
Yredelemnul
Zin
The Shining One

Shops:
D:5 ((=   D:6 *   D:8 !


Innate Abilities, Weirdness & Mutations

You can breathe blasts of noxious fumes.
Your lurid green scales are hard. (AC +7)
You cannot fit into any form of body armour.
Your system is resistant to poisons. (rPois)
You are cold-blooded and may be slowed by cold attacks.
You are strong-willed. (Will+)


Message History

The freezing wraith freezes you. You resist.
The freezing wraith closely misses you.
Casting: Searing Ray (safe; 1% risk of failure)
Confirm with . or Enter, or press ? or * to list all spells.
Aiming: Searing Ray (safe; 1% risk of failure)
Press: ? - help, Shift-Dir - straight line, f/p - freezing wraith
Aim: a freezing wraith (severely damaged, 83% to hit)
The searing ray hits the freezing wraith!
The freezing wraith is almost destroyed. (Press . to maintain the ray.)
You block the freezing wraith's attack.
The freezing wraith hits you but does no damage.
The freezing wraith hits you. The freezing wraith freezes you. You resist.
The freezing wraith hits you. The freezing wraith drains your vigour!
You feel as though you will be slow longer.
The searing ray hits the freezing wraith.
The freezing wraith is almost destroyed.
The freezing wraith hits you. The freezing wraith freezes you. You resist.
The freezing wraith misses you.
The searing ray hits the freezing wraith.
The freezing wraith is almost destroyed.
The freezing wraith barely misses you. The freezing wraith hits you.
The freezing wraith drains your vigour!
You feel as though you will be slow longer.
The freezing wraith closely misses you. You block the freezing wraith's attack.
The searing ray misses the freezing wraith.
You finish channeling your searing ray.
The freezing wraith barely misses you. The freezing wraith hits you!
* * * LOW HITPOINT WARNING * * *
You barely miss the freezing wraith.
The freezing wraith is almost destroyed.
The freezing wraith hits you.
* * * LOW HITPOINT WARNING * * *
The freezing wraith freezes you! You resist.
* * * LOW HITPOINT WARNING * * *
The freezing wraith hits you.
* * * LOW HITPOINT WARNING * * *
The freezing wraith hits you but does no damage.
The freezing wraith hits you.
You die...

# .#
###..#.
##...⌠..#
##.W...#
#.@# #.##
###
#..###.##
#..#....#
##......##
#...###..##
##.##
##..##
#######...#
#∩#.###..##


You could see a freezing wraith.

Vanquished Creatures
  A death knight (D:7)
  A black mamba (Lair:1)
  A cane toad (Lair:1)
  A gargoyle (D:7)
  2 komodo dragons (Lair:1)
  2 trolls
  5 blink frogs (Lair:1)
  A slime creature (D:6)
  A wyvern (D:8)
  A vampire (D:6)
  8 water moccasins
  Duvessa (D:7)
  2 necrophages
  2 ice beasts
  2 sky beasts
  2 black bears (D:6)
  A hornet zombie (D:7)
  2 ogres
  3 centaurs
  3 phantoms
  3 kobold brigands
  7 bullfrogs
  5 scorpions
  A water moccasin zombie (D:5)
  A cane toad simulacrum (IceCv)
  Dowan (D:7)
  A jelly (D:4)
  6 killer bees
  5 wights (D:8)
  A centaur zombie (D:5)
  3 hounds
  6 orc priests
  2 centaur skeletons
  A bullfrog skeleton (D:7)
  3 iguanas
  6 orc wizards
  2 troll simulacra (IceCv)
  A polar bear simulacrum (IceCv)
  2 killer bee zombies
  A hound skeleton (D:4)
  9 adders
  9 gnolls
  A naga simulacrum (IceCv)
  A river rat (Sewer)
  A shadow imp (D:6)
  2 white imps
  2 ufetubi (D:5)
  7 worms
  A dart slug (D:1)
  16 orcs
  11 ball pythons
  10 endoplasms
  4 giant cockroaches
  6 goblins
  6 hobgoblins
  2 jackals (D:3)
  19 kobolds
  4 quokkas
  4 bats (D:1)
  A frilled lizard (D:1)
  6 rats
222 creatures vanquished.

Vanquished Creatures (others)
  4 fungi (Lair:1)
  43 plants
47 creatures vanquished.

Grand Total: 269 creatures vanquished

Notes
Turn   | Place    | Note
-------+----------+-------------------------------------------
     0 | D:1      | chibimon the Draconian Conjurer began the quest for the
                  | Orb.
     0 | D:1      | Reached XP level 1. HP: 14/14 MP: 3/3
   109 | D:1      | Reached XP level 2. HP: 13/20 MP: 1/5
   112 | D:1      | Learned a level 2 spell: Searing Ray
   675 | D:1      | Found a faded altar of an unknown god.
   676 | D:1      | Noticed a shining eye
   690 | D:1      | Reached XP level 3. HP: 26/26 MP: 2/6
   696 | D:1      | Noticed an eye of devastation
   699 | D:1      | Noticed a golden eye
   699 | D:1      | Noticed an eye of devastation
  1284 | D:2      | Found a blossoming altar of Fedhas.
  1748 | D:2      | Reached skill level 5 in Conjurations
  1878 | D:3      | Reached XP level 4. HP: 28/33 MP: 3/7
  2194 | D:3      | Reached skill level 1 in Staves
  2509 | D:3      | Reached XP level 5. HP: 24/38 MP: 9/9
  2791 | D:4      | Found a glowing drain.
  2817 | Sewer    | Entered a sewer
  2881 | Sewer    | Reached skill level 1 in Fighting
  2881 | Sewer    | Reached skill level 1 in Maces & Flails
  3030 | Sewer    | Reached XP level 6. HP: 29/47 MP: 3/11
  3564 | D:4      | Reached skill level 1 in Shields
  3787 | D:4      | Your scales start taking on a lurid green colour.
  3787 | D:4      | Reached XP level 7. HP: 48/55 MP: 11/13
  3787 | D:4      | Gained mutation: Your system is resistant to poisons.
                  | (rPois) [Green Draconian growth]
  4440 | D:5      | Entered Level 5 of the Dungeon
  4447 | D:5      | Reached skill level 6 in Conjurations
  4466 | D:5      | Found Rimis's Weapon Shoppe.
  4700 | D:5      | Found Vitwanext's Jewellery Shoppe.
  4752 | D:5      | Reached XP level 8. HP: 34/63 MP: 6/14
  4948 | D:5      | Found Saboir's Magic Scroll Boutique.
  4952 | D:5      | Found Zyiparuf's Weapon Emporium.
  5387 | D:5      | Found a staircase to the Ecumenical Temple.
  5396 | Temple   | Entered the Ecumenical Temple
  5427 | Temple   | Became a worshipper of Sif Muna the Loreminder
  5466 | D:5      | Gained mutation: Your spells are a little harder to cast,
                  | but a little more powerful. [potion of mutation]
  5466 | D:5      | Lost mutation: Your spells are a little harder to cast, but
                  | a little more powerful. [potion of mutation]
  5466 | D:5      | Gained mutation: You are strong-willed. (Will+) [potion of
                  | mutation]
  6029 | D:6      | Reached skill level 5 in Spellcasting
  6043 | D:6      | Found Uprerev's Assorted Antiques.
  6047 | D:6      | Bought a black potion for 21 gold pieces
  6493 | D:6      | Reached skill level 7 in Conjurations
  6674 | D:6      | Reached XP level 9. HP: 73/73 MP: 17/17
  6678 | D:6      | Reached skill level 5 in Fighting
  6699 | D:6      | Reached skill level 5 in Dodging
  7219 | D:7      | Learned a level 4 spell: Fulminant Prism
  7224 | D:7      | Learned a level 4 spell: Summon Ice Beast
  7662 | D:7      | Noticed Dowan
  7663 | D:7      | Noticed Duvessa
  7666 | D:7      | Killed Dowan
  7674 | D:7      | Killed Duvessa
  7677 | D:7      | Found a bloodstained altar of Trog.
  7701 | D:7      | Reached * piety under Sif Muna
  7702 | D:7      | Reached skill level 1 in Invocations
  7704 | D:7      | Found a radiant altar of Vehumet.
  7801 | D:7      | Found a snail-covered altar of Cheibriados.
  7802 | D:7      | Found a sparkling altar of Nemelex Xobeh.
  7802 | D:7      | Found an iron altar of Okawaru.
  7803 | D:7      | Found a shadowy altar of Dithmenos.
  7803 | D:7      | Found a broken altar of Ashenzari.
  7804 | D:7      | Found a blossoming altar of Fedhas.
  7854 | D:7      | Reached skill level 1 in Summonings
  7854 | D:7      | Reached skill level 1 in Evocations
  7863 | D:7      | Noticed a troll
  7866 | D:7      | Reached skill level 1 in Ice Magic
  7910 | D:6      | Reached skill level 8 in Conjurations
  7910 | D:6      | Reached skill level 1 in Hexes
  7998 | D:6      | Killed a troll
  8060 | D:7      | Noticed a gargoyle
  8433 | D:7      | Killed a gargoyle
  8434 | D:7      | Reached XP level 10. HP: 32/83 MP: 15/19
  8675 | D:7      | Noticed a death knight
  8701 | D:7      | Learned a level 4 spell: Iskenderun's Mystic Blast
  8750 | D:7      | Killed a death knight
  8764 | D:7      | Identified the +4 scale mail of Agoraphobia {rElec}
  9739 | D:8      | Reached skill level 1 in Translocations
  9750 | D:8      | Reached ** piety under Sif Muna
 10032 | D:8      | Found Ecvig's Distillery.
 10379 | D:9      | Found a staircase to the Lair.
 10388 | Lair:1   | Entered Level 1 of the Lair of Beasts
 10551 | Lair:1   | Reached skill level 1 in Short Blades
 10566 | Lair:1   | Identified the +7 hand axe of Courage {vamp, rC+ MP+9
                  | Str+3}
 10572 | Lair:1   | Noticed a cane toad
 10572 | Lair:1   | Noticed a black mamba
 10580 | Lair:1   | Killed a black mamba
 10580 | Lair:1   | Killed a cane toad
 10581 | Lair:1   | Reached XP level 11. HP: 62/92 MP: 3/21
 10985 | Lair:1   | Found a frozen archway.
 10994 | IceCv    | Entered an ice cave
 11047 | IceCv    | Slain by a freezing wraith

Illustrated notes

Levels and vault maps discovered:
D:1:      nzn_arrival_settlement, layout_basic,
          hellmonk_ecumenical_altar_watching_god
D:2:      layout_loops_cross, basic_altar
D:3:      layout_rooms, chequers_serial_rivers_small_b,
          minmay_misc_feat_nine_boxes, kennysheep_boxes
D:4:      layout_basic, cheibrodos_sewer_entry_drain
D:5:      minmay_general_purpose_star, layout_cave_pools, temple_fountains,
          serial_shops, shop, shop, nicolae_shop_competitors_out_of_business,
          nicolae_stop_n_shop_2, grunt_ministairs_1
D:6:      minmay_recursive_quarters, layout_loops_corners, serial_shops, shop
D:7:      minmay_slanted_spiral_squares, layout_loops_ring,
          grunt_temple_overflow_open, uniq_duvessa
D:8:      layout_layer_cave, serial_shops, kennysheep_little_box,
          lemuel_old_faithful
D:9:      layout_roguey, lair_entry_dummy
Temple:   eino_temple_lava
Lair:1:   layout_roguey, portal_ice_cave_entry_pillars_1, st_stairs_9,
          grunt_megastairs_3
IceCv:    ice_cave_caverns_03

Skill      XL: |  1  2  3  4  5  6  7  8  9 10 11 |
---------------+----------------------------------+-----
Stealth        | 2 |  2.0
Conjurations   | 5 6 7 8 |  8.6
Dodging        | 2 3 4 5 6 |  6.4
Staves         | 1 |  1.0
Spellcasting   | 3 4 5 6 7 |  7.4
Fighting       | 1 2 3 4 6 7 |  7.1
Maces & Flails | 1 2 3 |  3.1
Shields        | 1 2 3 4 |  4.1
Invocations    | 1 3 |  3.1
Summonings     | 1 3 |  3.3
Evocations     | 1 2 |  2.8
Ice Magic      | 1 2 |  2.7
Hexes          | 1 2 |  2.5
Translocations | 1 2 |  2.1
Short Blades   | 1 |  1.3
Long Blades    | |  0.9

Action                   |  1- 3 |  4- 6 |  7- 9 | 10-12 || total
-------------------------+-------+-------+-------+-------++-------
Melee: Short sword       |    98 |       |       |       ||    98
       Tailslap          |    15 |     7 |    13 |     6 ||    41
       Staff             |     4 |    32 |       |       ||    36
       Whip              |       |   105 |   168 |       ||   273
       Long sword        |       |       |     7 |    28 ||    35
       Dagger            |       |       |       |    16 ||    16
       Hand axe          |       |       |       |    32 ||    32
 Cast: Magic Dart        |    31 |    40 |    15 |       ||    86
       Searing Ray       |     3 |    11 |    39 |    32 ||    85
 Abil: Breathe Noxious F |       |       |     7 |     9 ||    16
  Use: Scroll            |       |       |    17 |     2 ||    19
       Potion            |       |       |    11 |     1 ||    12
 Stab: Sleeping          |     3 |     1 |       |     1 ||     5
       Distracted        |       |     1 |       |       ||     1
       Confused          |       |       |     2 |       ||     2
Armor: Skin              |    20 |    37 |    90 |    73 ||   220
Dodge: Dodged            |    44 |    70 |   109 |    78 ||   301
Block: Kite shield       |       |    40 |    99 |    72 ||   211
       Rpst.: Long sword |       |       |     3 |    17 ||    20
